 Dungeon Crawl Stone Soup version 0.16.1-7-g2c6721e (webtiles) character file.

17 xsansara the Grave Robber (level 2, -1/21 HPs)
             Began as a Human Wanderer on Mar 29, 2015.
             Slain by an adder (3 damage)
             ... on level 2 of the Dungeon.
             The game lasted 00:08:14 (1326 turns).

xsansara the Grave Robber (Human Wanderer)          Turns: 1326, Time: 00:08:15

Health: -1/21      AC:  2    Str: 13    XL:     2   Next: 80%
Magic:  0/3        EV: 10    Int: 12    God:
Gold:   31         SH:  4    Dex: 13    Spells: 2 memorised, 1 level left

rFire  . . .     SeeInvis .     e - +0 dagger
rCold  . . .     Clarity  .     d - +0 robe
rNeg   . . .     SustAb   .     c - +0 buckler
rPois  .         Gourm    .     (no helmet)
rElec  .         Spirit   .     (no cloak)
rCorr  .         Warding  .     (no gloves)
rMut   .         Stasis   .     (no boots)
MR     .....                    (no amulet)
Stlth  +.........               (no ring)
                                n - +2 ring of strength

@: lethally poisoned (-1 -> -11), not resistant to hostile enchantments, very
unstealthy
A: no striking features
a: no special abilities


You were on level 2 of the Dungeon.
You were hungry.

You visited 1 branch of the dungeon, and saw 2 of its levels.

You collected 31 gold pieces.

Inventory:

Hand weapons
 e - a +0 dagger (weapon)
 p - a +0 hunting sling
Armour
 c - a +0 buckler (worn)
 d - a +0 robe (worn)
Jewellery
 n - a +2 ring of strength (left hand)
Scrolls
 j - a scroll of fear {unknown}
 k - a scroll of enchant weapon {unknown}
 o - a scroll of amnesia {unknown}
Potions
 h - a potion of curing
Books
 a - a book of Necromancy

   Spells                             Type                      Level
   a - Pain                           Necromancy                   1
   b - Animate Skeleton               Necromancy                   1
   c - Vampiric Draining              Necromancy                   3
   d - Regeneration                   Charms/Necromancy            3
   e - Animate Dead                   Necromancy                   4
   f - Control Undead                 Necromancy                   4
 b - Lee's Compendium of Torrid Confrontation

   Spells                             Type                      Level
   a - Flame Tongue                   Conjuration/Fire             1
   b - Throw Flame                    Conjuration/Fire             2
Comestibles
 f - a bread ration
 g - 2 meat rations
 m - a beef jerky


   Skills:
 - Level 1.0 Fighting
   Level 2.0 Maces & Flails
 - Level 1.0 Throwing
 - Level 1.0 Shields
 - Level 1.0 Spellcasting
   Level 1.0 Hexes
 + Level 3.9 Necromancy


You had one spell level left.
You knew the following spells:

 Your Spells              Type           Power        Failure   Level  Hunger
a - Pain                  Necr           #...         12%         1    ##.....
b - Animate Skeleton      Necr           N/A          12%         1    ##.....


Dungeon Overview and Level Annotations

Branches:
Dungeon (2/15)

Altars:


Message History

The adder is severely wounded.
You feel sick. The adder bites you.
* * * LOW HITPOINT WARNING * * *
You are more poisoned.
The adder poisons you! The adder misses you.
You hit the adder but do no damage.
The adder is severely wounded.
* * * LOW HITPOINT WARNING * * *
You feel sick. The adder bites you but does no damage.
You hit the adder.
The adder is almost dead.
* * * LOW HITPOINT WARNING * * *
You feel sick. The adder barely misses you.
You hit the adder but do no damage.
The adder is almost dead.
* * * LOW HITPOINT WARNING * * *
You feel sick. The adder bites you.
* * * LOW HITPOINT WARNING * * *
The adder bites you.
You die...

. # .# #. .#
..### .# ...##.#
#### #(.#.#
..... #@#.# #..
.....##S..##...#
........#....>#
....S#.<#...###
.... ##>......#
#..........##.#
######.....# #
##..#...
#..#.#...


You could see an adder.

Vanquished Creatures
  3 bats (D:1)
  2 giant cockroaches (D:1)
  3 hobgoblins
  A ball python (D:1)
  2 giant newts (D:1)
  2 goblins (D:1)
  2 rats
15 creatures vanquished.

Vanquished Creatures (collateral kills)
  A bat (D:1)
  A kobold (D:1)
  A rat (D:1)
3 creatures vanquished.

Vanquished Creatures (others)
  A ball python skeleton (D:1)
  A goblin skeleton (D:1)
  A hobgoblin skeleton (D:1)
3 creatures vanquished.

Grand Total: 21 creatures vanquished

Notes
Turn   | Place    | Note
--------------------------------------------------------------
     0 | D:1      | xsansara, the Human Wanderer, began the quest for the Orb.
     0 | D:1      | xsansara set off with: a book of Necromancy, Lee's Compendium of Torrid Confrontation, a +0 buckler, a +0 robe, a +0 dagger, a bread ration
     0 | D:1      | Reached XP level 1. HP: 15/15 MP: 2/2
     0 | D:1      | Identified Lee's Compendium of Torrid Confrontation
     2 | D:1      | Learned a level 1 spell: Pain
     4 | D:1      | Learned a level 1 spell: Animate Skeleton
   456 | D:1      | Reached XP level 2. HP: 19/21 MP: 0/3
  1326 | D:2      | Slain by an adder

Action                   || total
-------------------------++-------
Melee: Dagger            ||    19
 Cast: Pain              ||    29
       Animate Skeleton  ||     8
  Use: Scroll            ||     2
  Eat: Chunk             ||     2
